 Seeded DCSS version 0.30-a0-845-g7c6808c8ce (webtiles) character file.

Game seed: 4290115023798346970 (custom seed)

1218 demibob the Slicer (level 8, -1/44 HPs)
             Began as a Kobold Brigand on Mar 3, 2023.
             Slain by an ice beast (10 damage)
             ... on level 5 of the Dungeon.
             The game lasted 00:05:54 (4236 turns).

demibob the Slicer (Kobold Brigand)                 Turns: 4236, Time: 00:05:55

Health: -1/44      AC:  5    Str: 12    XL:     8   Next: 75%
Magic:  8/8        EV: 16    Int: 11    God:
Gold:   313        SH:  9    Dex: 18    Spells: 7/7 levels left

rFire   . . .      SeeInvis .    a - +2 quick blade (freeze)
rCold   . . .      Faith    .    f - +0 kite shield
rNeg    . . .      Spirit   .    b - +0 robe
rPois   .          Reflect  .    (no helmet)
rElec   .          Rampage  .    c - +0 cloak
rCorr   .                        (no gloves)
Will    .....                    (no boots)
Stlth   ++++                     (no amulet)
HPRegen 0.27/turn                (no ring)
MPRegen 0.11/turn                (no ring)

@: no status effects
A: small, no large weapons, nightstalker 3, iridescent scales 1, strong 1
a: no special abilities


You were on level 5 of the Dungeon.
You visited 1 branch of the dungeon, and saw 5 of its levels.

You collected 313 gold pieces.


Innate Abilities, Weirdness & Mutations

You are small and have problems with some larger weapons.
You are completely attuned to the shadows.
You are partially covered in iridescent scales. (AC +2)
Your muscles are strong. (Str +4, Int/Dex -1)


   Skills:
 - Level 2.1 Fighting
 - Level 8.0 Short Blades
 - Level 2.1 Throwing
 + Level 6.8 Dodging
 - Level 5.3 Stealth
 + Level 1.8 Shields
 - Level 4.8 Necromancy


You had 7 spell levels left.
You didn't know any spells.
Your spell library contained the following spells:

 Spells                   Type           Power      Damage    Failure   Level
 Foxfire                  Conj/Fire      0%         2x1d4     89%         1
 Fireball                 Conj/Fire      0%         3d3       100%        5
 Starburst                Conj/Fire      0%         6d3       100%        6

Inventory:

Hand Weapons
 a - a +2 quick blade of freezing (weapon)
 i - a +2 dagger
Missiles
 d - 13 poisoned darts (quivered)
 e - 3 curare-tipped darts {=f}
Armour
 b - a +0 robe (worn)
 c - a +0 cloak (worn)
 f - a +0 kite shield (worn)
Magical Staves
 j - a staff of death {!a}
Jewellery
 o - the ring "Tiq Aqud" {*Slow rC+ Int+7 Dex-3 SInv}
   (You found it on level 3 of the Dungeon)

   [ring of protection from cold]

   Int:       It affects your intelligence (+7).
   Dex:       It affects your dexterity (-3).
   rC:        It protects you from cold.
   SInv:      It lets you see invisible.
   *Slow:     It may slow you when you take damage.
 C - a ring of protection from cold
 P - a ring of poison resistance
Wands
 n - a wand of polymorph (8)
 q - a wand of flame (21)
Scrolls
 l - a scroll of teleportation {@r2}
 p - a scroll of identify {@r1}
 t - a scroll of enchant armour {unknown}
Potions
 g - a potion of curing {@q1}
 h - 2 potions of magic {unknown}
 k - a potion of might {unknown}
 m - a potion of mutation
 r - a potion of resistance {unknown}
 s - a potion of haste {unknown}

Dungeon Overview and Level Annotations

Branches:
Dungeon (5/15)
 Temple: D:4-7

Altars:
Makhleb

Annotations:
D:4 1 runed translucent door

###.### #.######
........#.#.... ..#.#
#...#.#.# .....
#.##..#.#####
..................##.
##.###..#..###.##....
##.# . #..(...# ..!$
...# ....###.##....
#.. .#.#.....@Y# #.#
#.###.#.# ... # #...#
... ....# .## ####..
.. .. #


You could see an ice beast.


Message History

You are too injured to fight recklessly!
You are too injured to fight recklessly!
You are too injured to fight recklessly!
You are too injured to fight recklessly!
You are too injured to fight recklessly!
You are too injured to fight recklessly!
You are too injured to fight recklessly!
You are too injured to fight recklessly!
You are too injured to fight recklessly!
You are too injured to fight recklessly!
You are too injured to fight recklessly!
You are too injured to fight recklessly!
You are too injured to fight recklessly!
You are too injured to fight recklessly!
You closely miss the ice beast.
The ice beast is severely wounded.
The ice beast closely misses you.
You hit the ice beast but do no damage.
The ice beast is severely wounded.
You closely miss the ice beast.
The ice beast is severely wounded.
The ice beast misses you.
You hit the ice beast but do no damage.
The ice beast is severely wounded.
You barely miss the ice beast.
The ice beast is severely wounded.
The ice beast hits you.
* * * LOW HITPOINT WARNING * * *
The ice beast freezes you!
You die...

Skill      XL: |  1  2  3  4  5  6  7  8 |
---------------+-------------------------+-----
Short Blades   | 3 4 5 6 7 8 |  8.0
Dodging        | 5 6 |  6.8
Necromancy     | 4 |  4.8
Shields        | 1 |  1.8
Fighting       | |  2.1
Throwing       | |  2.1
Stealth        | |  5.3

Action                     |  1- 3 |  4- 6 |  7- 9 || total
---------------------------+-------+-------+-------++-------
  Melee: Dagger            |    58 |       |       ||    58
         Quick blade       |     8 |   179 |   148 ||   335
         Punch             |       |     3 |       ||     3
    Use: Scroll            |     1 |     7 |     2 ||    10
         Potion            |       |     3 |     1 ||     4
   Stab: Sleeping          |    18 |    15 |     6 ||    39
 Armour: Robe              |     8 |    12 |    11 ||    31
  Dodge: Dodged            |    25 |    47 |    44 ||   116
  Block: Kite shield       |       |       |    20 ||    20

Levels and vault maps discovered:
D:1:      kennysheep_arrival_seaside, layout_basic, minmay_gold_behind_fungi,
          wander_ebering_terrifying_dragon_lair
D:2:      layout_rooms, nicolae_ecumenical_snake_handling, uniq_jessica
D:3:      layout_basic, nicolae_elevator_lobby_asterisk, uniq_crazy_yiuf_cottage
D:4:      layout_rooms, ebering_ghost_sewer_d, dreamdust_wishing_well,
          uniq_pikel, uniq_ijyb
D:5:      layout_basic, lightli_temple_of_fire, reono_crystal_passage,
          minmay_manual_mess

Notes
Turn   | Place    | Note
-------+----------+-------------------------------------------
     0 | D:1      | demibob the Kobold Brigand began the quest for the Orb.
     0 | D:1      | Reached XP level 1. HP: 12/12 MP: 1/1
    50 | D:1      | Reached skill level 3 in Short Blades
    78 | D:1      | You fall into a shaft and drop 1 floor!
   168 | D:2      | Reached XP level 2. HP: 17/17 MP: 2/2
   366 | D:1      | Reached skill level 4 in Short Blades
   720 | D:1      | Reached XP level 3. HP: 21/21 MP: 3/3
   835 | D:1      | Identified a scroll of acquirement
   835 | D:1      | Acquired a +2 quick blade of flaming
  1446 | D:2      | Reached skill level 5 in Short Blades
  1524 | D:2      | Found a faded altar of an unknown god.
  1530 | D:2      | Reached XP level 4. HP: 26/26 MP: 4/4
  1585 | D:2      | Reached skill level 6 in Short Blades
  1644 | D:2      | Reached XP level 5. HP: 30/30 MP: 5/5
  1680 | D:2      | Noticed Jessica
  1686 | D:2      | Killed Jessica
  2020 | D:3      | Reached skill level 7 in Short Blades
  2204 | D:3      | Identified the ring "Tiq Aqud" {*Slow rC+ Int+7 Dex-3 SInv}
  2587 | D:4      | Reached XP level 6. HP: 35/35 MP: 6/6
  2653 | D:4      | Noticed a black bear
  2664 | D:4      | Killed a black bear
  2665 | D:4      | Reached skill level 8 in Short Blades
  2665 | D:4      | Reached skill level 2 in Dodging
  2665 | D:4      | Reached skill level 1 in Necromancy
  2679 | D:4      | Found a runed translucent door.
  2813 | D:4      | Gained mutation: Your muscles are strong. (Str +4, Int/Dex
                  | -1) [potion of mutation]
  2813 | D:4      | Gained mutation: You are partially covered in iridescent
                  | scales. (AC +2) [potion of mutation]
  3011 | D:4      | Noticed Pikel
  3040 | D:4      | Killed Pikel
  3041 | D:4      | Reached skill level 5 in Dodging
  3041 | D:4      | Reached skill level 4 in Necromancy
  3041 | D:4      | Reached XP level 7. HP: 19/40 MP: 7/7
  3041 | D:4      | Reached XP level 8. HP: 21/44 MP: 8/8
  3198 | D:4      | Noticed Ijyb
  3202 | D:4      | Killed Ijyb
  3395 | D:4      | Reached skill level 6 in Dodging
  3705 | D:5      | Entered Level 5 of the Dungeon
  3831 | D:5      | Reached skill level 1 in Shields
  3849 | D:5      | Noticed a two-headed ogre
  4128 | D:5      | Found a burning altar of Makhleb.
  4236 | D:5      | Slain by an ice beast

Vanquished Creatures
  Pikel (D:4)
  A black bear (D:4)
  2 lemures (D:4)
  A phantom (D:5)
  A scorpion (D:5)
  3 hounds
  3 orc priests (D:4)
  Jessica (D:2)
  3 iguanas (D:5)
  2 orc wizards (D:4)
  Ijyb (D:4)
  7 adders
  An ufetubus (D:5)
  4 worms
  5 dart slugs
  5 orcs (D:4)
  6 endoplasms
  5 giant cockroaches
  5 goblins
  9 hobgoblins
  4 quokkas
  4 ball pythons
  4 bats
  4 frilled lizards
  4 kobolds
  9 rats
95 creatures vanquished.

Vanquished Creatures (others)
  3 toadstools (D:1)
3 creatures vanquished.

Grand Total: 98 creatures vanquished

Table legend: (Time is in decaauts)
 A = Elapsed time spent in this place.
 B = Non-inter-level travel time spent in this place.
 C = Inter-level travel time spent in this place.
 D = Time resting spent in this place.
 E = Time spent auto-exploring this place.
 F = Levels seen in this place.
 G = Mean time per level.
                   A        B        C        D        E       F      G
               +--------+--------+--------+--------+--------+-----+--------+
         Total |   4050 |   3829 |    221 |    413 |   2807 |   5 |  810.0 |
       Dungeon |   4050 |   3829 |    221 |    413 |   2807 |   5 |  810.0 |
               +--------+--------+--------+--------+--------+-----+--------+

Top non-repeatable levels by time:
     D:1: 1273 daAuts
     D:4: 976 daAuts
     D:3: 704 daAuts
     D:2: 613 daAuts
     D:5: 483 daAuts

Table legend:
 A = Non-vault XP
 B = Vault XP
 C = Vault XP percentage of total XP
 D = Non-vault monster count
 E = Vault monster count
 F = Vault count percentage of total count
                 A         B        C        D         E       F
            +---------+---------+-------+---------+---------+-------
      Total |     966 |     774 |  44.5 |      87 |       6 |   6.5
            +---------+---------+-------+---------+---------+-------
        D:1 |      37 |       1 |   2.6 |      21 |       1 |   4.5
        D:2 |      83 |      64 |  43.5 |      20 |       3 |  13.0
        D:3 |      41 |       0 |   0.0 |      15 |       0 |   0.0
        D:4 |     457 |     709 |  60.8 |      23 |       2 |   8.0
        D:5 |     348 |       0 |   0.0 |       8 |       0 |   0.0
            +---------+---------+-------+---------+---------+-------
